 Dungeon Crawl Stone Soup version 0.21.1-1-g345015f (webtiles) character file.

142 shakethe the Ducker (level 5, -1/43 HPs)
             Began as a Demonspawn Gladiator on Feb 27, 2018.
             Slain by a goblin
             ... wielding a +0 dagger
             ... led by Robin
              (6 damage)
             ... on level 3 of the Dungeon.
             The game lasted 00:03:03 (3137 turns).

shakethe the Ducker (Demonspawn Gladiator)          Turns: 3137, Time: 00:03:03

Health: -1/43      AC:  6    Str: 15    XL:     5   Next: 4%
Magic:  5/5        EV: 13    Int: 10    God:
Gold:   109        SH:  0    Dex: 14    Spells: 4/4 levels left

rFire    . . .     SeeInvis .   a - +1 war axe
rCold    + . .     Gourm    .   (no shield)
rNeg     . . .     Faith    .   b - +0 leather armour
rPois    .         Spirit   .   c - +0 helmet
rElec    .         Reflect  .   (no cloak)
rCorr    .         Harm     .   (no gloves)
MR       .....                  (no boots)
Stlth    +.........             g - amulet of inaccuracy (curse)
HPRegen  0.14/turn              m - ring of protection from cold {rC+, !d}
MPRegen  0.09/turn              (no ring)

@: no status effects
A: claws 1, rugged brown scales 2
a: no special abilities


You were on level 3 of the Dungeon.
You were not hungry.

You visited 1 branch of the dungeon, and saw 3 of its levels.

You collected 109 gold pieces.

Inventory:

Hand Weapons
 a - a +1 war axe (weapon)
Missiles
 d - 3 throwing nets {=f, !d}
Armour
 b - a +0 leather armour (worn)
 c - a +0 helmet (worn)
Jewellery
 g - a cursed amulet of inaccuracy (around neck)
   (You found it on level 1 of the Dungeon)
 m - a ring of protection from cold (left claw) {rC+, !d}
   (You found it on level 2 of the Dungeon)
Scrolls
 e - a scroll of identify
Potions
 i - a potion of brilliance {unknown}
 j - a potion of heal wounds
 l - a potion of degeneration {unknown}
Comestibles
 f - 7 rations


   Skills:
 + Level 3.0 Fighting
 - Level 2.9 Axes
 - Level 1.7 Throwing
 - Level 3.1 Dodging
 * Level 3.1 Unarmed Combat


You had 4 spell levels left.
You didn't know any spells.

Dungeon Overview and Level Annotations

Branches:
Dungeon (3/15)

Altars:
The Shining One

Annotations:
D:3 Robin


Innate Abilities, Weirdness & Mutations

You have sharp fingernails.
You are mostly covered in rugged brown scales. (AC +2, +5% HP)


Message History

An orc is nearby!
You barely miss the orc. The orc hits you with a hand axe.
The orc hits you but does no damage.
You take 1 damage, and have 26/36 hp.
You hit the orc.
You kill the orc!
No target in view!
No target in view!
No target in view!
No target in view!
No target in view!
No target in view!
No target in view!
Things that are here:
a dagger; a scale mail; an orc corpse No target in view!
No target in view!
No target in view!
No target in view!
You butcher the orc corpse.
h - a chunk of flesh {@w0@w0}
Things that are here:
a dagger; a scale mail
Things that are here:
a dagger; a scale mail Eating a chunk of flesh {@w0@w0}.
You eat the chunk of flesh {@w0@w0}.
Things that are here:
a hand axe; an orc corpse No target in view!
No target in view!
No target in view!
No target in view!
No target in view! 11 goblins and Robin come into view.
The goblin shouts! x8
A goblin comes into view.
The goblin hits you but does no damage.
You closely miss the goblin.
Robin's bangles clink loudly.
The goblin closely misses you.
You hit the goblin but do no damage. You closely miss the goblin.
The goblin closely misses you. x2; Robin throws the goblin at you!
The goblin barely misses you. The goblin hits you with a dagger.
You closely miss the goblin. You slash the goblin!
You kill the goblin!
You hit the goblin.
You kill the goblin!
You miss the goblin. The goblin misses you. The goblin closely misses you.
You closely miss the goblin. You slash the goblin!
You kill the goblin!
You have reached level 5!
You miss the goblin. You hit the goblin. You closely miss the goblin.
The goblin closely misses you. The goblin barely misses you.
Robin roars a battlecry!
The goblins go into a battle-frenzy!
The goblin barely misses you.
You barely miss the goblin. You hit the goblin. x2
You barely miss the goblin. You miss the goblin.
The goblin hits you but does no damage. x2; The goblin barely misses you. x2
The goblin hits you but does no damage. x2; The goblin barely misses you.
You hit the goblin but do no damage. You closely miss the goblin.
You hit the goblin.
You kill the goblin!
You miss the goblin. You hit the goblin but do no damage. You hit the goblin.
You kill the goblin!
The goblin hits you with a dagger. Robin throws the goblin at you!
The goblin closely misses you. The goblin hits you but does no damage.
The goblin barely misses you. The goblin misses you.
The goblin barely misses you. The goblin hits you.
You barely miss the goblin. You hit the goblin but do no damage.
You barely miss the goblin. You miss the goblin.
You closely miss the goblin. x3
The goblin hits you. The goblin hits you but does no damage.
The goblin barely misses you. x2; The goblin hits you but does no damage.
The goblin hits you with a dagger.
Robin says, "Bow before me, strongest of all the hobgoblins!"
The goblin closely misses you. The goblin hits you but does no damage.
The goblin hits you. The goblin hits you but does no damage.
The goblin closely misses you.
You are too injured to fight recklessly!
Unknown command.
You take 11 damage, and have 17/43 hp.
MASSIVE DAMAGE!!
MP restored: 5 You closely miss the goblin.
You barely miss the goblin.
You closely miss the goblin. x2; You slash the goblin!
You kill the goblin!
You barely miss the goblin. You slash the goblin!
You kill the goblin!
The goblin hits you but does no damage. Robin throws the goblin at you!
The goblin hits you.
* * * LOW HITPOINT WARNING * * *
The goblin barely misses you. The goblin hits you with a dagger.
* * * LOW HITPOINT WARNING * * *
The goblin barely misses you. The goblin hits you but does no damage.
You take 8 damage, and have 9/43 hp.
You barely miss the goblin. x2; You miss the goblin.
You closely miss the goblin. You miss the goblin. The goblin hits you.
* * * LOW HITPOINT WARNING * * *
The goblin hits you with a dagger.
You die...

.K .. ≈≈≈≈≈≈≈≈≈≈≈≈
≈≈≈≈≈≈≈≈≈≈≈≈≈≈≈≈≈≈≈≈≈≈≈≈
≈PK≈≈≈≈≈P≈≈P≈..≈.≈≈≈.≈≈.
P≈≈≈≈≈≈≈≈≈≈≈≈...........
≈≈≈≈P≈≈.≈≈....#.......##.#
≈P≈≈.........##.g.....##.#
≈≈≈≈.........##†)g....##.#
≈P≈..........##g@g....##.#
...).........##gg#######.#
...########.###.......##.#
..### #..##.......##.#
#...########.##.......##.#
###...........†..........#
#.########..#.......##.#
#.# ##†#.......##.# ###.#
#.........##.#


You could see Robin and 5 goblins.

Vanquished Creatures
  A worker ant (D:2)
  4 adders
  3 worms (D:2)
  3 dart slugs
  4 leopard geckos
  3 orcs (D:3)
  2 giant cockroaches
  14 goblins
  5 hobgoblins
  4 jackals (D:2)
  3 kobolds
  A quokka (D:2)
  5 bats
  3 frilled lizards
  6 rats
61 creatures vanquished.

Notes
Turn   | Place    | Note
-------+----------+-------------------------------------------
     0 | D:1      | shakethe the Demonspawn Gladiator began the quest for the Orb.
     0 | D:1      | Reached XP level 1. HP: 16/16 MP: 1/1
   359 | D:1      | Gained mutation: You have sharp fingernails. [demonic ancestry]
   359 | D:1      | Reached XP level 2. HP: 22/22 MP: 2/2
   728 | D:2      | Reached skill level 3 in Dodging
   944 | D:2      | Gained mutation: You are partially covered in rugged brown scales. (AC +1, +3% HP) [demonic ancestry]
   944 | D:2      | Reached XP level 3. HP: 20/28 MP: 3/3
  1194 | D:2      | Reached skill level 1 in Unarmed Combat
  1409 | D:2      | Reached skill level 2 in Unarmed Combat
  1615 | D:2      | Gained mutation: You are mostly covered in rugged brown scales. (AC +2, +5% HP) [demonic ancestry]
  1615 | D:2      | Reached XP level 4. HP: 28/35 MP: 4/4
  2225 | D:2      | Found a glowing golden altar of the Shining One.
  2265 | D:2      | HP: 8/35 [poisoned by an adder]
  2774 | D:3      | HP: 8/35 [goblin/club (3)]
  2775 | D:3      | Reached skill level 3 in Unarmed Combat
  3076 | D:3      | Reached skill level 3 in Fighting
  3127 | D:3      | Noticed Robin
  3132 | D:3      | Reached XP level 5. HP: 33/43 MP: 5/5
  3136 | D:3      | HP: 9/43 [goblin/dagger[Robin] (3)]
  3137 | D:3      | Slain by a goblin

Skill      XL: |  1  2  3  4 |
---------------+-------------+-----
Dodging        | 3 |  3.1
Unarmed Combat | 2 3 |  3.1
Fighting       | 3 |  3.0
Axes           | |  2.9
Throwing       | |  1.7

Action                   |  1- 3 |  4- 6 || total
-------------------------+-------+-------++-------
Melee: War axe           |    73 |   142 ||   215
       Punch             |     1 |     2 ||     3
  Use: Scroll            |       |     4 ||     4
       Potion            |       |     1 ||     1
 Stab: Sleeping          |     2 |       ||     2
  Eat: Chunk             |     2 |     5 ||     7
Armor: Leather armour    |    26 |    58 ||    84
Dodge: Dodged            |    51 |   150 ||   201

Vault maps used:
D:1:      saegor_arrival_simple_f
D:2:      lemuel_doored_altar, first_ration
D:3:      chequers_big_river, serial_bayou_ford_a, uniq_robin, uniq_terence

Table legend:
 A = Turns spent in this place as a percentage of turns spent in the entire game.
 B = Non-inter-level travel turns spent in this place as a percentage of non-inter-level travel turns spent in the entire game.
 C = Inter-level travel turns spent in this place as a percentage of turns spent in this place.
 D = Turns resting spent in this place as a percentage of non-inter-level travel turns spent in this place.
 E = Turns spent auto-exploring this place as a percentage of non-inter-level travel turns spent in this place.
 F = Non-inter-level travel turns spent in this place divided by the number of levels of this place that you've seen.
                   A       B       C       D       E      F
               +-------+-------+-------+-------+-------+----------------------
         Total | 100.0 | 100.0 |   1.7 |  44.9 |  38.6 | 1028.0
       Dungeon | 100.0 | 100.0 |   1.7 |  44.9 |  38.6 | 1028.0
               +-------+-------+-------+-------+-------+----------------------

Table legend:
 A = Kills in this place as a percentage of kills in entire the game.
 B = Kills by you in this place as a percentage of kills by you in the entire game.
 C = Kills by friends in this place as a percentage of kills by friends in the entire game.
 D = Other kills in this place as a percentage of other kills in the entire game.
 E = Experience gained in this place as a percentage of experience gained in the entire game.
 F = Experience gained in this place divided by the number of levels of this place that you have seen.
                   A       B       C       D       E      F
               +-------+-------+-------+-------+-------+----------------------
         Total | 100.0 | 100.0 |   N/A |   N/A | 100.0 |  68.0
       Dungeon | 100.0 | 100.0 |   N/A |   N/A | 100.0 |  68.0
               +-------+-------+-------+-------+-------+----------------------
